 Dungeon Crawl Stone Soup version 0.28.0-53-g5a82cb258f (webtiles) character file.

Game seed: 4480576667417389512

18789 mcbry74 the Nimble (level 12, -2/91 HPs)
             Began as a Gnoll Wanderer on July 18, 2022.
             Was an Initiate of Gozag.
             Slain by a yak (4 damage)
             ... on level 11 of the Dungeon.
             The game lasted 01:39:18 (20630 turns).

mcbry74 the Nimble (Gnoll Wanderer)                Turns: 20630, Time: 01:39:18

Health: -2/91      AC: 13    Str: 15    XL:     12   Next: 62%
Magic:  5/24       EV: 15    Int: 19    God:    Gozag
Gold:   3376       SH:  0    Dex: 11    Spells: 13/27 levels left

rFire   . . .      SeeInvis +   a - +3 short sword
rCold   + . .      Faith    .   (no shield)
rNeg    . . .      Spirit   .   e - +0 leather armour
rPois   .          Reflect  .   b - +0 helmet
rElec   .          Harm     .   c - +1 cloak of Intercession {Str+3 Int+2 SInv}
rCorr   .          Rampage  .   (no gloves)
Will    .....                   J - +0 pair of boots
Stlth   +++.......              (no amulet)
HPRegen 0.25/turn               Y - ring of protection from cold
MPRegen 0.19/turn               j - +4 ring of protection

@: wereblooded, on berserk cooldown, slowed, very slow
A: fangs 1, strong nose, distributed training
a: Renounce Religion, Potion Petition, Call Merchant, Bribe Branch


You were on level 11 of the Dungeon.
You worshipped Gozag.
Gozag was most pleased with you.
You visited 2 branches of the dungeon, and saw 12 of its levels.
You also visited: Ice Cave.

You collected 3444 gold pieces.
You paid 68 gold pieces to Gozag.

Inventory:

Hand Weapons
 a - a +3 short sword (weapon)
 x - a +5 trident of freezing
 y - a +2 mace of holy wrath
 A - a +2 war axe of venom
 C - the +2 lajatang of Impermanence {pain, rF+}
   (You found it on level 5 of the Dungeon)

   In the hands of one skilled in necromantic magic, it inflicts extra damage on
   living creatures.
   rF:        It protects you from fire.
Missiles
 g - a curare-tipped dart (quivered)
 k - 5 boomerangs of dispersal
 l - 32 poisoned darts
 T - 9 boomerangs
 U - 2 throwing nets
Armour
 b - a +0 helmet (worn)
 c - the +1 cloak of Intercession (worn) {Str+3 Int+2 SInv}
   (You acquired it on level 11 of the Dungeon)

   Str:       It affects your strength (+3).
   Int:       It affects your intelligence (+2).
   SInv:      It lets you see invisible.
 e - a +0 leather armour (worn)
 H - a scarf of harm
 J - a +0 pair of boots (worn)
 R - a +2 chain mail
 S - a +0 kite shield
Magical Staves
 o - a staff of death
Jewellery
 i - a ring of poison resistance
 j - a +4 ring of protection (right hand)
 v - the ring "Muysiasori" {Ice Str+5 Int+3}
   (You found it on level 11 of the Dungeon)

   [ring of ice]

   It enhances your ice magic.
   Str:       It affects your strength (+5).
   Int:       It affects your intelligence (+3).
   rF:        It makes you vulnerable to fire.
   rC:        It protects you from cold.
 M - a +6 ring of intelligence
 Y - a ring of protection from cold (left hand)
Wands
 w - a wand of iceblast (23)
 z - a wand of polymorph (4)
 N - a wand of paralysis (7)
 Q - a wand of flame (8)
Scrolls
 s - a scroll of summoning {unknown}
 t - 3 scrolls of vulnerability
 u - 2 scrolls of enchant armour
 E - a scroll of teleportation
 I - a scroll of amnesia {unknown}
 L - a scroll of enchant weapon
 O - a scroll of holy word {unknown}
 Z - 2 scrolls of blinking
Potions
 d - 5 potions of attraction
 h - 3 potions of curing
 m - 2 potions of cancellation {unknown}
 n - 4 potions of brilliance
 p - 3 potions of might {unknown}
 q - 5 potions of flight
 B - 3 potions of heal wounds {unknown}
 G - 2 potions of haste {unknown}
 K - a potion of ambrosia {unknown}
 P - a potion of resistance {unknown}
 V - 2 potions of magic {unknown}
Miscellaneous
 f - a box of beasts


   Skills:
 + Level 7.4 Fighting
 + Level 10.0 Short Blades
 + Level 7.4 Long Blades
 + Level 7.4 Axes
 + Level 7.4 Maces & Flails
 + Level 7.4 Polearms
 + Level 7.4 Staves
 + Level 7.4 Slings
 + Level 7.4 Bows
 + Level 7.4 Crossbows
 + Level 7.4 Throwing
 + Level 7.4 Armour
 + Level 10.0 Dodging
 + Level 7.4 Stealth
 + Level 7.4 Shields
 + Level 7.4 Unarmed Combat
 + Level 8.0 Spellcasting
 + Level 6.2 Conjurations
 + Level 6.2 Hexes
 + Level 6.2 Summonings
 + Level 6.2 Necromancy
 + Level 6.2 Translocations
 + Level 6.2 Transmutations
 + Level 6.2 Fire Magic
 + Level 6.2 Ice Magic
 + Level 7.3 Air Magic
 + Level 6.2 Earth Magic
 + Level 6.2 Poison Magic
 + Level 8.2 Invocations
 + Level 7.9 Evocations


You had 13 spell levels left.
You knew the following spells:

 Your Spells              Type           Power      Damage    Failure   Level
a - Shock                 Conj/Air       100%       1d9       1%          1
b - Wereblood             Tmut           31%        N/A       1%          2
c - Mephitic Cloud        Conj/Pois/Air  32%        N/A       2%          3
d - Spider Form           Tmut/Pois      31%        N/A       2%          3
e - Static Discharge      Conj/Air       33%        N/A       1%          2
f - Teleport Other        Tloc           31%        N/A       2%          3

Your spell library contained the following spells:

 Spells                   Type           Power      Damage    Failure   Level
 Beastly Appendage        Tmut           62%        N/A       1%          1
 Passwall                 Tmut/Erth      25%        N/A       1%          2
 Gell's Gravitas          Tloc           31%        N/A       2%          3
 Dispel Undead            Necr           31%        3d14      9%          4
 Sticky Flame             Conj/Fire      31%        2d5       9%          4
 Alistair's Intoxication  Tmut/Pois      20%        N/A       24%         5
 Yara's Violent Unravell  Hex/Tmut       15%        3d8       24%         5
 Dispersal                Tloc           15%        N/A       78%         6
 Dragon Form              Tmut           15%        N/A       100%        7


Dungeon Overview and Level Annotations

Branches:
Dungeon (11/15)            Temple (1/1) D:4            Lair (0/6) D:11
  IceCv (visited)
    Orc: D:9-12

Altars:
Ashenzari
Cheibriados
Dithmenos
Elyvilon
Fedhas
Gozag
Hepliaklqana
Kikubaaqudgha
Makhleb
Nemelex Xobeh
Okawaru
Qazlal
Ru
Sif Muna
Trog
Wu Jian
Xom
Yredelemnul
Zin
The Shining One
Beogh

Annotations:
D:4 3 runed translucent doors, SHADDY's ghost, amateur DsFi


Innate Abilities, Weirdness & Mutations

You have very sharp teeth.
Your uncanny sense of smell can sniff out nearby items.
Your experience applies equally to all skills.


Message History

The yak is almost dead.
You puncture the yak!
You feel a bit better.
You kill the yak!
Things that are here:
40 gold pieces; a curare-tipped dart You hit the yak.
The yak is no longer distracted by gold.
The yak is lightly wounded.
You are no longer berserk.
You are exhausted.
You feel yourself slow down.
You hit the yak. You bite the yak, but do no damage.
The yak is moderately wounded.
The yak gores you but does no damage.
You puncture the yak!
The yak is heavily wounded.
The yak gores you!
* * * LOW HITPOINT WARNING * * *
You hit the yak.
The yak is heavily wounded.
The yak completely misses you.
You hit the yak.
The yak is severely wounded.
The yak gores you but does no damage.
You hit the yak.
The yak is severely wounded.
The yak gores you!
* * * LOW HITPOINT WARNING * * *
You hit the yak. Your bite misses the yak.
The yak is severely wounded.
The yak completely misses you.
You barely miss the yak.
The yak is severely wounded.
You hit the yak. You punch the yak.
The yak is almost dead.
The yak gores you!
* * * LOW HITPOINT WARNING * * *
The yak gores you.
You die...
Your body crumbles into a pile of gold.

#.###.##.#######***
*********#.* #.Y...>.....,,**
*,,,,,,,,#^###.##.###..###**,
*,******,#.....#...##........
*,* #......#.............. *,*
####.###..#...........P..
*,**#.........#........P.....
*,,,......###$#.......P......
*,,,,,*#...Y@(.......P.......
**,,,......###......P.........
*,,,,.....,* ##...........P...
*,,,,....,,* #.........P>....
*,,,,...,,,* *#.P..........P..
***,,..,,,,**#..........P.....
*,,.,,,,,,.'...........P..P.
*,,,,,,,,*##..P.............
**,*,*,*** ##....P..........


You could see a yak.

Vanquished Creatures
  A hydra (D:9)
  2 two-headed ogres
  2 boulder beetles
  A death knight (D:11)
  An orc knight (D:10)
  3 cyclopes (D:11)
  Psyche (D:11)
  A kobold demonologist (D:10)
  A rime drake (IceCv)
  2 polar bears (IceCv)
  A hornet (D:10)
  4 trolls
  Sigmund (D:2)
  A shadow (D:11)
  2 wyverns
  A wraith (D:7)
  A basilisk (D:10)
  19 yaks
  5 humans (D:11)
  3 steam dragons
  4 vampire mosquitoes
  2 water moccasins
  10 orc warriors
  An ice beast (D:5)
  A sky beast (D:8)
  2 black bears (D:11)
  A necrophage (D:8)
  5 ogres
  A centaur (D:8)
  5 wolves (IceCv)
  Blork the orc (D:5)
  4 kobold brigands
  2 bullfrogs
  3 gnoll sergeants
  3 scorpions
  A water moccasin skeleton (D:4)
  7 killer bees
  15 wights
  A howler monkey (D:9)
  4 centaur zombies
  A centaur skeleton (D:6)
  6 hounds
  Crazy Yiuf (D:3)
  4 orc priests
  A jelly (D:5)
  A bullfrog skeleton (D:7)
  A gnoll shaman (D:8)
  3 iguanas
  2 scorpion zombies (D:5)
  11 orc wizards
  Terence (D:1)
  A spriggan simulacrum (D:11)
  A troll simulacrum (D:11)
  3 killer bee zombies
  3 hound skeletons (D:4)
  2 howler monkey zombies
  8 gnolls (D:8)
  3 adders
  4 shadow imps
  4 white imps
  A howler monkey simulacrum (D:10)
  An adder skeleton (D:5)
  A worm (D:5)
  23 orcs
  3 bats
  4 endoplasms
  5 giant cockroaches
  6 goblins
  6 hobgoblins
  6 jackals
  22 kobolds
  A quokka (D:3)
  6 ball pythons
  A frilled lizard (D:3)
  5 rats
278 creatures vanquished.

Vanquished Creatures (others)
  67 fungi
  41 plants
108 creatures vanquished.

Grand Total: 386 creatures vanquished

Notes
Turn   | Place    | Note
-------+----------+-------------------------------------------
     0 | D:1      | mcbry74 the Gnoll Wanderer began the quest for the Orb.
     0 | D:1      | mcbry74 set off with the following items: a +2 short sword,
                  | a +0 helmet, a +0 robe; and the following spell memorised:
                  | Shock; and the following spells available to memorise:
                  | Mephitic Cloud
     0 | D:1      | Reached XP level 1. HP: 13/13 MP: 4/4
   127 | D:1      | Reached XP level 2. HP: 16/19 MP: 0/5
   745 | D:2      | Noticed Terence
   839 | D:2      | Found a faded altar of an unknown god.
   912 | D:2      | Noticed Sigmund
  1076 | D:2      | Found a shimmering altar of Xom.
  1465 | D:2      | Reached XP level 3. HP: 24/25 MP: 7/7
  1919 | D:3      | Reached skill level 1 in Invocations
  1989 | D:3      | Learned a level 2 spell: Wereblood
  2282 | D:3      | Reached skill level 1 in Fighting
  2282 | D:3      | Reached skill level 1 in Long Blades
  2282 | D:3      | Reached skill level 1 in Axes
  2282 | D:3      | Reached skill level 1 in Maces & Flails
  2282 | D:3      | Reached skill level 1 in Polearms
  2282 | D:3      | Reached skill level 1 in Staves
  2282 | D:3      | Reached skill level 1 in Slings
  2282 | D:3      | Reached skill level 1 in Bows
  2282 | D:3      | Reached skill level 1 in Crossbows
  2282 | D:3      | Reached skill level 1 in Throwing
  2282 | D:3      | Reached skill level 1 in Armour
  2282 | D:3      | Reached skill level 1 in Stealth
  2282 | D:3      | Reached skill level 1 in Shields
  2282 | D:3      | Reached skill level 1 in Unarmed Combat
  2324 | D:3      | Found a glowing golden altar of the Shining One.
  2395 | D:3      | Reached skill level 1 in Conjurations
  2395 | D:3      | Reached skill level 1 in Hexes
  2395 | D:3      | Reached skill level 1 in Summonings
  2395 | D:3      | Reached skill level 1 in Necromancy
  2395 | D:3      | Reached skill level 1 in Translocations
  2395 | D:3      | Reached skill level 1 in Transmutations
  2395 | D:3      | Reached skill level 1 in Fire Magic
  2395 | D:3      | Reached skill level 1 in Ice Magic
  2395 | D:3      | Reached skill level 1 in Earth Magic
  2395 | D:3      | Reached skill level 1 in Poison Magic
  2395 | D:3      | Reached XP level 4. HP: 32/32 MP: 2/8
  2530 | D:3      | HP: 1/29 [wight/+0 hand axe (7)]
  3146 | D:3      | Found a runed translucent door.
  3147 | D:3      | Noticed Crazy Yiuf
  3375 | D:3      | Reached XP level 5. HP: 16/37 MP: 6/9
  3926 | D:4      | Found a staircase to the Ecumenical Temple.
  3943 | Temple   | Entered the Ecumenical Temple
  4221 | D:4      | Reached XP level 6. HP: 31/44 MP: 6/10
  4430 | D:4      | Found an opulent altar of Gozag.
  4440 | D:4      | Got the Guide on Changing
  4462 | D:4      | Became a worshipper of Gozag Ym Sagoz the Greedy
  4531 | D:4      | Found a runed translucent gate.
  4532 | D:4      | Found a runed translucent gate.
  4533 | D:4      | Found a runed translucent gate.
  4539 | D:4      | Noticed SHADDY's ghost (amateur DsFi)
  4830 | D:3      | Killed Crazy Yiuf
  5348 | D:1      | Killed Terence
  5553 | D:2      | Killed Sigmund
  5554 | D:2      | Reached XP level 7. HP: 38/51 MP: 7/12
  5826 | D:5      | Entered Level 5 of the Dungeon
  6023 | D:5      | Noticed Blork the orc
  6039 | D:5      | Killed Blork the orc
  6159 | D:5      | Found a sacrificial altar of Ru.
  6223 | D:5      | Identified the +2 lajatang of Impermanence {pain, rF+}
  6322 | D:5      | Reached XP level 8. HP: 30/57 MP: 14/14
  6654 | D:5      | Found a shadowy altar of Dithmenos.
  6897 | D:5      | Found a shimmering blue altar of Sif Muna.
  7961 | D:6      | Found a shimmering altar of Xom.
  8586 | D:7      | Noticed a two-headed ogre
  8681 | D:7      | Reached skill level 5 in Air Magic
  8681 | D:7      | Reached XP level 9. HP: 12/65 MP: 16/16
  9162 | D:7      | Reached skill level 5 in Spellcasting
  9572 | D:7      | Killed a two-headed ogre
  9573 | D:7      | Reached skill level 5 in Evocations
 10362 | D:7      | Reached skill level 5 in Invocations
 10439 | D:7      | Found a faded altar of an unknown god.
 10440 | D:7      | Found a hazy altar of Hepliaklqana.
 10487 | D:7      | Found an ornate altar of the Wu Jian Council.
 11262 | D:8      | Reached XP level 10. HP: 65/73 MP: 16/18
 11306 | D:8      | Learned a level 3 spell: Mephitic Cloud
 11310 | D:8      | Learned a level 3 spell: Spider Form
 11345 | D:8      | Found a bloodstained altar of Trog.
 11671 | D:8      | Reached skill level 5 in Fighting
 11671 | D:8      | Reached skill level 5 in Long Blades
 11671 | D:8      | Reached skill level 5 in Axes
 11671 | D:8      | Reached skill level 5 in Maces & Flails
 11671 | D:8      | Reached skill level 5 in Polearms
 11671 | D:8      | Reached skill level 5 in Staves
 11671 | D:8      | Reached skill level 5 in Slings
 11671 | D:8      | Reached skill level 5 in Bows
 11671 | D:8      | Reached skill level 5 in Crossbows
 11671 | D:8      | Reached skill level 5 in Throwing
 11671 | D:8      | Reached skill level 5 in Armour
 11671 | D:8      | Reached skill level 5 in Stealth
 11671 | D:8      | Reached skill level 5 in Shields
 11671 | D:8      | Reached skill level 5 in Unarmed Combat
 13164 | D:9      | Found a stormy altar of Qazlal.
 13225 | D:9      | Noticed a six-headed hydra
 13228 | D:9      | Noticed a boulder beetle
 13270 | D:10     | Entered Level 10 of the Dungeon
 13435 | D:9      | Found a blossoming altar of Fedhas.
 14035 | D:9      | Killed a boulder beetle
 14095 | D:9      | Killed a six-headed hydra
 14096 | D:9      | Reached XP level 11. HP: 65/81 MP: 20/20
 14219 | D:9      | Learned a level 2 spell: Static Discharge
 14223 | D:9      | Learned a level 3 spell: Teleport Other
 14457 | D:9      | Reached skill level 5 in Conjurations
 14457 | D:9      | Reached skill level 5 in Hexes
 14457 | D:9      | Reached skill level 5 in Summonings
 14457 | D:9      | Reached skill level 5 in Necromancy
 14457 | D:9      | Reached skill level 5 in Translocations
 14457 | D:9      | Reached skill level 5 in Transmutations
 14457 | D:9      | Reached skill level 5 in Fire Magic
 14457 | D:9      | Reached skill level 5 in Ice Magic
 14457 | D:9      | Reached skill level 5 in Earth Magic
 14457 | D:9      | Reached skill level 5 in Poison Magic
 15171 | D:10     | Noticed an orc knight
 15583 | D:10     | Killed an orc knight
 15989 | D:10     | Noticed a two-headed ogre
 16016 | D:10     | Killed a two-headed ogre
 17217 | D:11     | Identified 2 scrolls of acquirement
 17420 | D:11     | Found a frozen archway.
 17420 | D:11     | Noticed a cyclops
 17451 | D:11     | Killed a cyclops
 17670 | IceCv    | Entered an ice cave
 18158 | IceCv    | Noticed a death yak
 18169 | IceCv    | Reached XP level 12. HP: 41/89 MP: 12/23
 18486 | D:11     | Noticed a death knight
 18499 | D:11     | Killed a death knight
 19112 | D:11     | Acquired 886 gold pieces
 19114 | D:11     | Acquired the +1 cloak of Intercession {Str+3 Int+2 SInv}
 19450 | D:11     | Noticed Psyche
 19468 | D:11     | Killed Psyche
 20312 | D:11     | Identified the ring "Muysiasori" {Ice Str+5 Int+3}
 20541 | D:11     | Found a staircase to the Lair.
 20589 | D:11     | Noticed a boulder beetle
 20613 | D:11     | Killed a boulder beetle
 20614 | D:11     | Reached skill level 10 in Short Blades
 20614 | D:11     | Reached skill level 10 in Dodging
 20629 | D:11     | HP: 2/91 [yak (10)]
 20630 | D:11     | Slain by a yak

Illustrated notes

Levels and vault maps discovered:
D:1:      dpeg_arrival_rooms_with_view, layout_rooms
D:2:      layout_basic, basic_altar, shapermc_ecumenical_altar_ellora,
          uniq_sigmund, uniq_terence
D:3:      layout_loops_ring, lemuel_crystal_altar, uniq_crazy_yiuf_cottage
D:4:      layout_cave_pools, nicolae_overflow_hidden_temple,
          nicolae_gozag_cash_rules_everything_around_me,
          minmay_temple_entry_statues_fountains, gammafunk_ghost_necromancy
D:5:      layout_cave_pools, amcnicky_altar_gilded, led_sif_book,
          mainiacjoe_overflow_24_doors, roderic_serpentine_path, hex_large,
          uniq_blork_the_orc
D:6:      layout_basic, mainiacjoe_overflow_cross_hatched, serial_bayou_pond_a
D:7:      layout_loops_corners, beargit_hepliaklqana_dungeon_heroes,
          nzn_wu_jian_council_hall, minmay_fractal_squares_diagonal_5
D:8:      layout_basic, marbit_many_paths
D:9:      nicolae_cairo_tiling_large_dashed, layout_basic, fedhas_altar_3,
          kennysheep_mini, minmay_checkerbox
D:10:     minmay_distorted_concentric_squares, layout_rooms, special_room
          [special_room_orc], kennysheep_kite_vault
D:11:     erik_cavepeople, layout_loops_corners, due_lair_maze_entry_diamond,
          portal_ice_cave_entry_ice_simulacra, serial_park_tiny_1,
          kennysheep_generic_room_3
Temple:   jpeg_temple_island

Skill      XL: |  1  2  3  4  5  6  7  8  9 10 11 12 |
---------------+-------------------------------------+-----
Invocations    | 1 2 3 4 5 6 7 8 |  8.2
Fighting       | 1 2 3 4 5 6 7 |  7.4
Long Blades    | 1 2 3 4 5 6 7 |  7.4
Axes           | 1 2 3 4 5 6 7 |  7.4
Maces & Flails | 1 2 3 4 5 6 7 |  7.4
Polearms       | 1 2 3 4 5 6 7 |  7.4
Staves         | 1 2 3 4 5 6 7 |  7.4
Slings         | 1 2 3 4 5 6 7 |  7.4
Bows           | 1 2 3 4 5 6 7 |  7.4
Crossbows      | 1 2 3 4 5 6 7 |  7.4
Throwing       | 1 2 3 4 5 6 7 |  7.4
Armour         | 1 2 3 4 5 6 7 |  7.4
Stealth        | 1 2 3 4 5 6 7 |  7.4
Shields        | 1 2 3 4 5 6 7 |  7.4
Unarmed Combat | 1 2 3 4 5 6 7 |  7.4
Spellcasting   | 3 4 5 6 7 8 |  8.0
Conjurations   | 1 2 3 4 5 6 |  6.2
Hexes          | 1 2 3 4 5 6 |  6.2
Summonings     | 1 2 3 4 5 6 |  6.2
Necromancy     | 1 2 3 4 5 6 |  6.2
Translocations | 1 2 3 4 5 6 |  6.2
Transmutations | 1 2 3 4 5 6 |  6.2
Fire Magic     | 1 2 3 4 5 6 |  6.2
Ice Magic      | 1 2 3 4 5 6 |  6.2
Earth Magic    | 1 2 3 4 5 6 |  6.2
Poison Magic   | 1 2 3 4 5 6 |  6.2
Evocations     | 3 4 5 6 7 |  7.9
Air Magic      | 4 5 6 7 |  7.3
Short Blades   | 7 8 9 10 | 10.0
Dodging        | 7 8 9 10 | 10.0

Action                   |  1- 3 |  4- 6 |  7- 9 | 10-12 || total
-------------------------+-------+-------+-------+-------++-------
Melee: Short sword       |    82 |    91 |   284 |   330 ||   787
       Bite              |     9 |    12 |    41 |    36 ||    98
       Unarmed           |     3 |       |       |       ||     3
       Punch             |       |       |     5 |    17 ||    22
       Mace              |       |       |    11 |       ||    11
Throw: Stone             |    13 |       |     7 |       ||    20
       Dart              |       |     5 |    16 |    22 ||    43
 Cast: Shock             |    31 |    44 |   111 |   312 ||   498
       Static Discharge  |       |       |       |   118 ||   118
       Wereblood         |       |       |       |     1 ||     1
Evoke: Wand              |       |       |       |     4 ||     4
  Use: Scroll            |     5 |     2 |     2 |     9 ||    18
       Potion            |       |       |     1 |     2 ||     3
 Stab: Sleeping          |     1 |     2 |       |     3 ||     6
       Distracted        |     1 |       |     1 |     1 ||     3
Armor: Robe              |    25 |       |       |       ||    25
       Leather armour    |       |    26 |    71 |   122 ||   219
Dodge: Dodged            |    66 |    66 |   157 |   258 ||   547
